 Dungeon Crawl Stone Soup version 0.20.1-1-g8b1a95d (webtiles) character file.

10309 Ladykiller69 the Fencer (level 11, -1/104 HPs)
             Began as a Minotaur Berserker on July 4, 2017.
             Was a High Priest of Trog.
             Slain by a spiny frog (14 damage)
             ... on level 1 of the Lair of Beasts.
             The game lasted 00:21:10 (8193 turns).

Ladykiller69 the Fencer (Minotaur Berserker)        Turns: 8193, Time: 00:21:11

Health: -1/104     AC: 12    Str: 22    XL:     11   Next: 34%
Magic:  10/10      EV:  9    Int:  6    God:    Trog [*****.]
Gold:   572        SH:  0    Dex: 13    Spells: 10/10 levels left

rFire    . . .     SeeInvis .   a - +0 demon blade (drain)
rCold    . . .     Gourm    .   (no shield)
rNeg     . . .     Faith    .   s - +0 chain mail
rPois    .         Spirit   .   N - +2 hat
rElec    .         Reflect  .   g - +0 cloak
rCorr    .         Harm     .   (no gloves)
MR       .....                  (no boots)
Stlth    ..........             (no amulet)
Regen    0.3/turn               (no ring)
MPRegen  0.2/turn               (no ring)

@: lethally poisoned (-1 -> -20), berserk cooldown, slowed, very slow
A: retaliatory headbutt, horns 2, clever 1, sense surroundings 1
a: Berserk, Trog's Hand, Brothers in Arms, Burn Spellbooks, Renounce Religion


You were on level 1 of the Lair of Beasts.
You worshipped Trog.
Trog was extremely pleased with you.
You were very hungry.

You visited 2 branches of the dungeon, and saw 10 of its levels.

You collected 572 gold pieces.

Inventory:

Hand Weapons
 a - a +0 demon blade of draining (weapon)
 w - a +0 shortbow
 L - a +0 falchion
Missiles
 y - 158 arrows
Armour
 b - a +0 animal skin
 g - a +0 cloak (worn)
 s - a +0 chain mail (worn)
 M - a +1 hat
 N - a +2 hat (worn)
Jewellery
 d - a cursed ring of loudness {unknown}
 o - an uncursed ring of magical power {unknown}
 q - an uncursed ring of protection from magic {unknown}
 v - an uncursed ring of magical power {unknown}
 B - the ring "Yruatat" {+Fly rC+ rN+ Dex-5, unknown}
   (You found it on level 1 of the Lair of Beasts)

   [ring of positive energy]

   It affects your dexterity (-5).
   It protects you from cold.
   It protects you from negative energy.
   It lets you fly.
 P - a cursed -3 ring of evasion {unknown}
Wands
 I - a wand of random effects (28/48)
 K - a wand of lightning (7/15)
 O - a wand of paralysis (10/24)
Scrolls
 e - a scroll of random uselessness {unknown}
 f - 5 scrolls of immolation {unknown}
 h - 3 scrolls of fog {unknown}
 j - 11 scrolls of identify {unknown}
 p - a scroll of amnesia {unknown}
 t - 2 scrolls of magic mapping {unknown}
 x - 4 scrolls of teleportation {unknown}
 C - 4 scrolls of remove curse {unknown}
 E - a scroll of blinking {unknown}
 H - a scroll of noise {unknown}
Potions
 k - a potion of mutation
 l - 4 potions of haste {unknown}
 m - a potion of flight {unknown}
 n - 5 potions of curing {unknown}
 z - 2 potions of resistance {unknown}
 A - a potion of cancellation {unknown}
 D - 2 potions of agility {unknown}
 F - a potion of brilliance {unknown}
 J - a potion of degeneration {unknown}
Books
 G - a book of Clouds

   Spells                             Type                      Level
   a - Poisonous Vapours              Poison/Air                   2
   b - Mephitic Cloud                 Conjuration/Poison/Air       3
   c - Conjure Flame                  Conjuration/Fire             3
   d - Freezing Cloud                 Conjuration/Ice/Air          6
   e - Ring of Flames                 Charms/Fire                  7
   Trog disapproves of the use of such an item.
Comestibles
 c - 5 bread rations
 i - 9 royal jellies
 r - 8 fruits
 u - 6 meat rations


   Skills:
 + Level 11.9 Fighting
 * Level 15.9 Long Blades
 + Level 5.6 Bows
 - Level 3.0 Armour
 - Level 3.1 Dodging


You had 10 spell levels left.
You didn't know any spells.

Dungeon Overview and Level Annotations

Branches:
Dungeon (9/15)             Temple (0/1) D:5            Lair (1/6) D:9
    Orc (0/2) D:9

Altars:
Dithmenos
Elyvilon
Kikubaaqudgha
Nemelex Xobeh
Okawaru
Trog
Xom
Zin
The Shining One

Shops:
D:7 (}

Annotations:
D:6 1 runed door


Innate Abilities, Weirdness & Mutations

You reflexively headbutt those who attack you in melee.
You have a pair of horns on your head.
Your mind is acute. (Int +2)
You passively map a small area around you.


Message History

You are more poisoned.
The spiny frog poisons you!
You slice the spiny frog!!
You kill the spiny frog!
Trog accepts your kill.
You feel sick.
You are no longer berserk.
Trog's vigour flows through your veins.
You are exhausted.
You feel yourself slow down.
* * * LOW HITPOINT WARNING * * *
You feel sick.
You see here a spiny frog corpse.
It was a potion of mutation.
You feel extremely strange.
You feel clever.
You feel a strange attunement to the structure of the dungeons.
* * * LOW HITPOINT WARNING * * *
You feel very sick. The spiny frog stings you!
You die...

...# , ... ,, , * ## #.
#.# ..#*###.#,.,. , #
#.## #.###.....#[
#.##.P## #.##.......* *
#..<...# #.##...#.#
#...##.### #.##....## ,
,
#..###...###$##.FF..#,,
##..#..#...#..##@.# ,,
#......#...†..(†(# ,*
#....#####..#.#....# ,
###..........####.....
#####.###### #..## ###
###


You could see a spiny frog and a bullfrog.

Vanquished Creatures
  3 two-headed ogres (D:8)
  The ghost of tognito the Cleaver, a novice MiBe of Trog (D:7)
  3 spiny frogs (Lair:1)
  3 hippogriffs
  A wyvern (D:8)
  A human (D:7)
  Eustachio (D:6)
  A hungry ghost (D:9)
  A steam dragon (D:8)
  6 yaks (D:5)
  4 hogs (D:7)
  Menkaure (D:7)
  A water moccasin (Lair:1)
  2 hell hounds (D:9)
  A porcupine (Lair:1)
  An ice beast (D:8)
  3 black bears (D:9)
  4 orc warriors (D:9)
  3 sky beasts
  4 ogres
  3 centaurs
  A big kobold (D:8)
  5 bullfrogs
  6 killer bees (D:9)
  A scorpion (D:7)
  3 wights (D:8)
  6 crimson imps
  4 gnoll shamans (D:5)
  A bullfrog zombie (D:8)
  6 hounds
  5 orc priests
  An iguana (D:4)
  6 orc wizards
  6 worker ants
  A hound skeleton (D:4)
  A howler monkey zombie (D:9)
  A worker ant zombie (D:5)
  Robin (D:2)
  33 gnolls (D:5)
  8 adders
  5 oozes
  2 adder skeletons
  3 worms
  2 dart slugs
  9 leopard geckos
  41 orcs
  7 giant cockroaches
  9 goblins
  8 hobgoblins
  21 jackals
  5 quokkas
  A ball python (D:4)
  3 bats
  4 frilled lizards
  2 giant cockroach zombies
  A jackal skeleton (D:5)
  8 kobolds
  A leopard gecko skeleton (D:4)
  9 rats
285 creatures vanquished.

Notes
Turn   | Place    | Note
-------+----------+-------------------------------------------
     0 | D:1      | Ladykiller69 the Minotaur Berserker began the quest for the Orb.
     0 | D:1      | Reached XP level 1. HP: 19/19 MP: 0/0
    26 | D:1      | Found a glowing golden altar of the Shining One.
   396 | D:1      | Reached XP level 2. HP: 24/27 MP: 1/1
   477 | D:1      | Reached skill level 4 in Long Blades
   746 | D:1      | Reached XP level 3. HP: 32/33 MP: 2/2
  1465 | D:2      | Noticed Robin
  1480 | D:2      | Reached ** piety under Trog
  1489 | D:2      | Reached XP level 4. HP: 26/40 MP: 3/3
  1491 | D:2      | Killed Robin
  1499 | D:2      | Reached skill level 5 in Long Blades
  1950 | D:3      | Found a shadowy altar of Dithmenos.
  2499 | D:4      | Reached XP level 5. HP: 46/47 MP: 4/4
  2575 | D:4      | Reached skill level 6 in Long Blades
  2762 | D:4      | Reached *** piety under Trog
  2762 | D:4      | Reached skill level 5 in Fighting
  3137 | D:5      | Entered Level 5 of the Dungeon
  3165 | D:5      | Reached XP level 6. HP: 49/56 MP: 5/5
  3212 | D:5      | Noticed a yak
  3234 | D:5      | Killed a yak
  3234 | D:5      | Reached skill level 7 in Long Blades
  3247 | D:5      | Noticed a yak
  3247 | D:5      | Noticed a yak
  3247 | D:5      | Noticed a yak
  3248 | D:5      | Noticed a yak
  3248 | D:5      | Noticed a yak
  3283 | D:5      | Killed a yak
  3283 | D:5      | Reached XP level 7. HP: 56/62 MP: 6/6
  3287 | D:5      | Killed a yak
  3287 | D:5      | Reached skill level 8 in Long Blades
  3294 | D:5      | Killed a yak
  3294 | D:5      | Reached skill level 9 in Long Blades
  3296 | D:5      | Killed a yak
  3346 | D:5      | Killed a yak
  3346 | D:5      | Reached XP level 8. HP: 56/73 MP: 7/7
  3437 | D:5      | Reached skill level 10 in Long Blades
  3734 | D:5      | Reached **** piety under Trog
  3761 | D:5      | Reached skill level 11 in Long Blades
  4239 | D:5      | Found a glowing silver altar of Zin.
  4407 | D:5      | Found a staircase to the Ecumenical Temple.
  4621 | D:6      | Found a bloodstained altar of Trog.
  4676 | D:6      | Noticed Eustachio
  4678 | D:6      | Found an iron altar of Okawaru.
  4696 | D:6      | Killed Eustachio
  4696 | D:6      | Reached XP level 9. HP: 82/82 MP: 8/8
  4718 | D:6      | Reached ***** piety under Trog
  4886 | D:6      | Reached skill level 12 in Long Blades
  4947 | D:6      | Found a runed door.
  5386 | D:7      | Found a white marble altar of Elyvilon.
  5397 | D:7      | Found Xufeq's Gadget Shop.
  5425 | D:7      | Found Botwaeva's Weapon Boutique.
  5463 | D:7      | Noticed tognito's ghost (novice MiBe)
  5470 | D:7      | Killed tognito's ghost
  5470 | D:7      | Reached skill level 13 in Long Blades
  5649 | D:7      | Reached skill level 10 in Fighting
  5656 | D:7      | Reached XP level 10. HP: 93/93 MP: 9/9
  5925 | D:7      | Reached skill level 14 in Long Blades
  6047 | D:7      | Noticed Menkaure
  6063 | D:7      | Killed Menkaure
  6263 | D:8      | Noticed a two-headed ogre
  6270 | D:8      | Killed a two-headed ogre
  6345 | D:8      | Noticed a two-headed ogre
  6353 | D:8      | Killed a two-headed ogre
  6380 | D:8      | Noticed a two-headed ogre
  6408 | D:8      | Killed a two-headed ogre
  6447 | D:8      | Received a gift from Trog
  6447 | D:8      | Reached skill level 15 in Long Blades
  6563 | D:8      | Found a shimmering altar of Xom.
  6563 | D:8      | Found a shimmering altar of Xom.
  6563 | D:8      | Found a shimmering altar of Xom.
  6563 | D:8      | Found a shimmering altar of Xom.
  6645 | D:8      | Found a shadowy altar of Dithmenos.
  6746 | D:8      | Found a shimmering altar of Xom.
  6750 | D:8      | Found a shimmering altar of Xom.
  6993 | D:8      | Found a glowing silver altar of Zin.
  7159 | D:8      | Found a sparkling altar of Nemelex Xobeh.
  7309 | D:9      | Reached XP level 11. HP: 98/102 MP: 10/10
  7311 | D:9      | Received a gift from Trog
  7359 | D:9      | Found an ancient bone altar of Kikubaaqudgha.
  7359 | D:9      | Found a white marble altar of Elyvilon.
  7391 | D:9      | Found a bloodstained altar of Trog.
  7631 | D:9      | Found a staircase to the Lair.
  7759 | D:9      | Found a staircase to the Orcish Mines.
  7820 | D:9      | Reached skill level 5 in Bows
  8149 | Lair:1   | Entered Level 1 of the Lair of Beasts
  8165 | Lair:1   | Got a transparent tin ring
  8193 | Lair:1   | Gained mutation: Your mind is acute. (Int +2) [potion of mutation]
  8193 | Lair:1   | Gained mutation: You passively map a small area around you. [potion of mutation]
  8193 | Lair:1   | Slain by a spiny frog

Skill      XL: |  1  2  3  4  5  6  7  8  9 10 11 |
---------------+----------------------------------+-----
Long Blades    | 4 5 6 7 9 11 13 15 | 15.9
Armour         | 3 |  3.0
Dodging        | 3 |  3.1
Fighting       | 4 5 7 8 10 11 | 11.9
Bows           | 4 5 |  5.6

Action                   |  1- 3 |  4- 6 |  7- 9 | 10-12 || total
-------------------------+-------+-------+-------+-------++-------
Melee: Falchion          |    79 |   138 |   298 |   151 ||   666
       Headbutt          |    11 |    22 |    82 |    61 ||   176
       Demon blade       |       |       |       |   116 ||   116
 Fire: Shortbow          |       |       |    10 |    61 ||    71
Invok: Berserk           |     1 |     2 |     6 |     7 ||    16
  Use: Potion            |       |       |       |     1 ||     1
 Stab: Sleeping          |     1 |       |       |       ||     1
  Eat: Chunk             |     1 |     7 |    13 |    16 ||    37
       Royal jelly       |       |     1 |       |       ||     1
Armor: Animal skin       |    19 |     1 |       |       ||    20
       Chain mail        |       |    67 |    99 |    90 ||   256
Dodge: Dodged            |    46 |    62 |   104 |    72 ||   284
       Rpst.: Falchion   |    12 |    15 |    26 |     8 ||    61
       Demon blade       |       |       |       |     8 ||     8
